 Dungeon Sprint DCSS version 0.31-a0-1597-ge7908ec95f (webtiles) character file.

Game seed: 13488079163989338159

638 Conn the Arsonist (level 7, -18/61 HPs)
             Began as an Octopode Fire Elementalist on Jan 7, 2024.
             Was an Initiate of Sif Muna.
             Demolished by a tentacle (19 damage)
             ... attached to a kraken
             ... in the Dungeon (Sprint II: "The Violet Keep of Menkaure").
             The game lasted 00:09:19 (304 turns).

Conn the Arsonist (Octopode Fire Elementalist)       Turns: 304, Time: 00:09:19

Health: -18/61     AC:  1    Str:  7    XL:     7   Next: 50%
Magic:  1/17       EV: 14    Int: 20    God:    Sif Muna [......]
Gold:   67         SH:  0    Dex: 12    Spells: 5/20 levels left

rFire   . . .        (no weapon)
rCold   . . .        (no shield)
rNeg    . . .        (helmet restricted)
rPois   .            (no amulet)
rElec   .            (no ring)
rCorr   .            (no ring)
SInv    .            (no ring)
Will    .....        (no ring) Stlth
                     (no ring)
HPRegen 0.30/turn    (no ring)
MPRegen 0.15/turn    (no ring)
                     (no ring)

%: no teleportation
@: berserking, very quick
A: almost no armour, amphibious, 8 rings, camouflage 1, gelatinous body 1,
nimble swimmer 1, tentacles
a: Renounce Religion


You were in the Dungeon.
You worshipped Sif Muna.
Sif Muna was noncommittal.
You visited 1 branch You collected 243 gold pieces.
You spent 176 gold pieces at shops.

Inventory:

Potions
 b - a potion of curing


   Skills:
 + Level 0.2 Fighting
 + Level 5.1 Dodging
 - Level 6.1 Stealth
 + Level 7.2 Spellcasting
 * Level 4.7 Conjurations
 + Level 2.3 Hexes
 + Level 0.4 Summonings
 * Level 2.2 Translocations
 + Level 10.9 Fire Magic
 * Level 2.4 Invocations


You had 5 spell levels left.
You knew the following spells:

 Your Spells              Type           Power      Damage    Failure   Level
a - Foxfire               Conj/Fire      100%       2x1d9     1%          1
b - Scorch                Fire           100%       2d9       1%          2
c - Inner Flame           Hex/Fire       33%        N/A       1%          3
d - Flame Wave            Conj/Fire      38%        2d10      3%          4
e - Blink                 Tloc           32%        N/A       5%          2
f - Call Imp              Summ           18%        N/A       12%         2
g - Magic Dart            Conj           100%       1d8       1%          1

Your spell library contained the following spells:

 Spells                   Type           Power      Damage    Failure   Level
 Volatile Blastmotes      Fire/Tloc      66%        2d15      1%          3


Dungeon Overview and Level Annotations

Branches:
Dungeon (1/1)

Altars:
Cheibriados
Dithmenos
Elyvilon
Fedhas
Gozag
Hepliaklqana
Kikubaaqudgha
Makhleb
Nemelex Xobeh
Okawaru
Qazlal
Ru
Sif Muna
Trog
Uskayaw
Vehumet
Wu Jian
Xom
Yredelemnul
Zin
The Shining One
Jiyva
Lugonu

Shops:
D ?*:=[(=::[[:!!=

Annotations:
D exclusion: oklob plant


Innate Abilities, Weirdness & Mutations

You cannot wear most types of armour.
You are amphibious.
You can wear up to eight rings at the same time.
Your skin changes colour to match your surroundings (Stealth+).
Your rubbery body absorbs attacks. (AC +1, EV +1)
You are camouflaged when in or above water. (Stealth+)
You have tentacles for arms and can constrict up to eight enemies at once.


Message History

Your cerulean imp dies!
Your cerulean imp disappears in a puff of smoke!
Unknown command.
A kraken comes into view.
The crocodile hisses menacingly.
The polar bear is no longer more vulnerable to fire.
Tentacles burst out of the water!
A tentacle comes into view.
You aren't carrying any scrolls.
Okay, then.
You open the door. The tentacle closely misses you.
Casting: Scorch (safe; 1% risk of failure)
Confirm with . or Enter, or press ? or * to list all spells.
Okay, then.
Unknown command.
You feel much better. The tentacle slaps you! The polar bear bites you.
The polar bear misses you. x2; The crocodile bites you!
* * * LOW HITPOINT WARNING * * *
The tentacle slaps you.
* * * LOW HITPOINT WARNING * * *
Okay, then.
Unknown command.
Unknown command.
Unknown command.
You aren't carrying any scrolls.
Okay, then.
Okay, then.
Okay, then.
Unknown command.
A red film seems to cover your vision as you go berserk!
You feel yourself moving faster!
You feel mighty! The tentacle slaps you.
* * * LOW HITPOINT WARNING * * *
The polar bear closely misses you. The polar bear claws you.
* * * LOW HITPOINT WARNING * * *
The polar bear closely misses you. The crocodile barely misses you.
The tentacle closely misses you.
You barely miss the tentacle. Your squeeze misses the tentacle.
The polar bear misses you. The polar bear barely misses you.
The polar bear closely misses you. The tentacle slaps you!!
You die...

+.### [▓)?[!:$|[▓▓ #
...# ##▓$$[![$:?▓▓ ##
#..# $#▓[($!!)$!▓▓ .#
+..# y#▓!!$=?[)(▓▓ .#
#..# h#▓$!)"$?!)▓▓
.####..##.#▓?)[[["[?▓▓
...###...##▓▓▓▓▓▓▓+▓▓▓▓+
.....~~~~†~~h~ch@w──wX≈≈
.§...~#'########l###Vww≈
~~~..~#..._._._#l§§# ≈
~§~~.~#_._._._.#§§§§
§§§~~~#._._._._#§~~~≈
§≈≈~~~#_._._._.#~~~§≈≈
≈≈≈≈≈~#._._._..#~§§§§≈
§###≈≈#_._._...#~~~~≈l#
≈# #≈≈#._._....#§


You could see a kraken, 4 tentacles, 2 polar bears, a yaktaur and 2 crocodiles.

Vanquished Creatures
  A merfolk siren (D)
  A polar bear (D)
  2 crocodiles (D)
  A hell rat (D)
5 creatures vanquished.

Vanquished Creatures (others)
  Menkaure (D)
  31 foxfires (D)
32 creatures vanquished.

Grand Total: 37 creatures vanquished

Notes
Turn   | Place    | Note
-------+----------+-------------------------------------------
     0 | D        | Conn the Octopode Fire Elementalist began the quest for the
                  | Orb.
     0 | D        | Reached XP level 1. HP: 11/11 MP: 3/3
     2 | D        | Noticed a merfolk siren
    18 | D        | Noticed a boulder beetle
    18 | D        | Noticed a boulder beetle
    18 | D        | Noticed Menkaure
    33 | D        | Killed a merfolk siren
    34 | D        | Reached skill level 9 in Fire Magic
    34 | D        | Reached XP level 2. HP: 17/17 MP: 0/9
    34 | D        | Reached XP level 3. HP: 21/21 MP: 0/10
    34 | D        | Reached XP level 4. HP: 27/27 MP: 0/12
    34 | D        | Reached XP level 5. HP: 31/31 MP: 0/13
    34 | D        | Reached XP level 6. HP: 36/36 MP: 0/15
    47 | D        | Learned a level 2 spell: Scorch
    51 | D        | Learned a level 3 spell: Inner Flame
    54 | D        | Killed Menkaure
    56 | D        | Learned a level 4 spell: Flame Wave
    60 | D        | Found Nualluu's Jewellery Shop.
    60 | D        | Found Tiyh's Distillery.
    60 | D        | Found Nunny's Armour Shop.
    60 | D        | Found Ucixum's Book Shop.
    60 | D        | Found Syheces's Book Boutique.
    60 | D        | Found Joriq's Antique Armour Boutique.
    61 | D        | Found Jeary's Book Shop.
    62 | D        | Found Apafos's Jewellery Shop.
    62 | D        | Found Xulev's Antique Weapon Boutique.
    62 | D        | Noticed a fire dragon
    63 | D        | Found Nikidof's Distillery.
    64 | D        | Found Ogaqo's Antique Armour Shop.
    64 | D        | Found Kyxikk's Jewellery Boutique.
    64 | D        | Noticed an oklob plant
    71 | D        | Noticed an ice dragon
    75 | D        | Reached skill level 10 in Fire Magic
    76 | D        | Found Goupn's Assorted Antiques.
    76 | D        | Found Gastruf's Magic Scroll Boutique.
    76 | D        | Found Gukluriz's Book Shoppe.
    82 | D        | Bought a book of Minor Magic for 176 gold pieces
   104 | D        | Learned a level 2 spell: Blink
   107 | D        | Learned a level 2 spell: Call Imp
   109 | D        | Learned a level 1 spell: Magic Dart
   118 | D        | Noticed a laughing skull
   119 | D        | Noticed a laughing skull
   120 | D        | Noticed a laughing skull
   120 | D        | Noticed a laughing skull
   121 | D        | Noticed a laughing skull
   132 | D        | Noticed a wyvern
   266 | D        | Found a glowing golden altar of the Shining One.
   266 | D        | Found an ornate altar of the Wu Jian Council.
   266 | D        | Found a stormy altar of Qazlal.
   267 | D        | Found a shimmering altar of Xom.
   267 | D        | Found a sacrificial altar of Ru.
   268 | D        | Found a basalt altar of Yredelemnul.
   268 | D        | Found a shimmering blue altar of Sif Muna.
   268 | D        | Found a viscous altar of Jiyva.
   269 | D        | Found a glowing silver altar of Zin.
   269 | D        | Found a bloodstained altar of Trog.
   269 | D        | Found an ancient bone altar of Kikubaaqudgha.
   270 | D        | Found a hide-covered altar of Uskayaw.
   270 | D        | Found a corrupted altar of Lugonu.
   270 | D        | Found a shadowy altar of Dithmenos.
   271 | D        | Found a radiant altar of Vehumet.
   271 | D        | Found a burning altar of Makhleb.
   271 | D        | Found a white marble altar of Elyvilon.
   272 | D        | Found a sparkling altar of Nemelex Xobeh.
   272 | D        | Found a blossoming altar of Fedhas.
   274 | D        | Found an iron altar of Okawaru.
   274 | D        | Found an opulent altar of Gozag.
   274 | D        | Found a hazy altar of Hepliaklqana.
   274 | D        | Found a snail-covered altar of Cheibriados.
   275 | D        | Noticed a hornet
   275 | D        | Noticed a polar bear
   275 | D        | Noticed a yaktaur
   279 | D        | Became a worshipper of Sif Muna the Loreminder
   285 | D        | Noticed a polar bear
   291 | D        | Killed a polar bear
   292 | D        | Reached skill level 5 in Dodging
   292 | D        | Reached XP level 7. HP: 34/41 MP: 5/17
   294 | D        | Noticed a polar bear
   299 | D        | Noticed a kraken
   303 | D        | HP: 2/61 [tentacle[a kraken] (4)]
   304 | D        | Demolished by a tentacle

Illustrated notes

Levels and vault maps discovered:
D:        the_violet_keep_of_menkaure [sprint2_stairs_cluster_1,
          sprint2_shoproom, sprint2_temple, sprint2_basic_supplies,
          sprint2_obstacle_1, sprint2_obstacle_2, sprint2_obstacle_6,
          sprint2_obstacle_7, sprint2_obstacle_3, sprint2_timed_cluster_1,
          sprint2_smallroom_cluster_1, sprint2_smallroom_final_cluster_1,
          sprint2_transparent_cluster_1, sprint2_second_timed_cluster_1,
          sprint2_sniper_area_1, sprint2_heavy_combat_area_1,
          sprint2_mutation_trap_area_1, sprint2_forest_area_1,
          sprint2_light_combat_area_1, sprint2_behind_water_1,
          sprint2_near_end_vault_1]

Skill      XL: |  1  2  3  4  5  6 |
---------------+-------------------+-----
Dodging        | 4 5 |  5.1
Stealth        | 6 |  6.1
Spellcasting   | 6 7 |  7.2
Conjurations   | 3 4 |  4.7
Fire Magic     | 9 10 | 10.9
Hexes          | 2 |  2.3
Translocations | 2 |  2.2
Invocations    | 2 |  2.4
Fighting       | |  0.2
Summonings     | |  0.4

Action                     |  1- 3 |  4- 6 |  7- 9 || total
---------------------------+-------+-------+-------++-------
  Melee: Unarmed           |     2 |     5 |     1 ||     8
         Constrict         |     1 |       |       ||     1
         Tentacles         |     1 |       |       ||     1
   Cast: Foxfire           |    10 |     7 |       ||    17
         Scorch            |       |     5 |     1 ||     6
         Call Imp          |       |     2 |       ||     2
         Inner Flame       |       |     1 |     1 ||     2
         Blink             |       |     1 |       ||     1
    Use: Potion            |     4 |       |     2 ||     6
         Scroll            |       |     2 |       ||     2
 Armour: Skin              |       |     8 |     7 ||    15
  Dodge: Dodged            |       |     5 |    10 ||    15

Table legend: (Time is in decaauts)
 A = Elapsed time spent in this place.
 B = Non-inter-level travel time spent in this place.
 C = Inter-level travel time spent in this place.
 D = Time resting spent in this place.
 E = Time spent auto-exploring this place.
 F = Levels seen in this place.
 G = Mean time per level.
                   A        B        C        D        E       F      G
               +--------+--------+--------+--------+--------+-----+--------+
         Total |    288 |    288 |      0 |     94 |      0 |   1 |  288.0 |
       Dungeon |    288 |    288 |      0 |     94 |      0 |   1 |  288.0 |
               +--------+--------+--------+--------+--------+-----+--------+

Top non-repeatable levels by time:
       D: 288 daAuts
